Map: Central Protocol

Players

FeaR

  • Race: Protoss Protoss
  • League: Grandmaster

FireCake - Winner!

  • Race: Zerg Zerg
  • League: Master

Event: DreamHack ZOWIE Open Leipzig

VOD

Have the link to the VOD?

Description

Time

  • Played on: Jan. 22, 2016, 7:34 a.m.
  • Length: 9:58

All games in this series

Show
View Real Time Build Order
Export as new Build Order

FeaR Protoss 

Build Orders:  

Get SALT Encoding   

  12  0:01  Probe (Chrono Boost)  
  13  0:11  Probe (Chrono Boost)  
  14  0:19  Pylon  
  14  0:22  Probe (Chrono Boost)  
  15  0:37  Probe (Chrono Boost)  
  15  0:38  Gateway  
  16  0:48  Probe (Chrono Boost)  
  17  0:55  Assimilator  
  17  0:58  Probe (Chrono Boost)  
  17  1:00  Assimilator  
  18  1:10  Gateway  
  19  1:11  Probe (Chrono Boost)  
  19  1:22  Probe (Chrono Boost)  
  20  1:27  Cybernetics Core  
  20  1:32  Probe (Chrono Boost)  
  21  1:43  Probe (Chrono Boost)  
  21  1:44  Pylon  
  22  1:53  Probe (Chrono Boost)  
  23  2:05  Adept  
  23  2:06  Mothership Core (Chrono Boost)  
  27  2:11  Adept  
  29  2:22  Pylon  
  29  2:39  Nexus  
  29  2:45  Pylon  
  29  2:47  Probe (Chrono Boost)  
  29  2:50  Warp Gate (Chrono Boost)  
  30  2:58  Probe (Chrono Boost)  
  31  3:00  Sentry x2  
  35  3:08  Probe (Chrono Boost)  
  36  3:13  Stargate  
  36  3:19  Probe (Chrono Boost)  
  37  3:29  Probe (Chrono Boost)  
  37  3:30  Adept  
  37  3:32  Adept  
  42  3:40  Probe  
  43  3:53  Gateway  
  44  4:01  Adept x2  
  49  4:03  Oracle (Chrono Boost)  
  49  4:05  Probe  
  49  4:08  Probe  
  52  4:17  Probe  
  52  4:20  Probe  
  54  4:29  Probe (Chrono Boost)  
  55  4:32  Probe (Chrono Boost)  
  55  4:34  Oracle  
  59  4:41  Probe (Chrono Boost)  
  59  4:43  Probe (Chrono Boost)  
  58  4:51  Probe (Chrono Boost)  
  57  4:54  Probe (Chrono Boost)  
  57  4:58  Gateway  
  58  5:00  Pylon  
  58  5:02  Probe (Chrono Boost)  
  58  5:04  Probe (Chrono Boost)  
  56  5:12  Probe (Chrono Boost)  
  57  5:15  Probe (Chrono Boost)  
  58  5:22  Adept x2  
  58  5:23  Probe (Chrono Boost)  
  58  5:25  Probe (Chrono Boost), Pylon  
  58  5:27  Adept  
  66  5:33  Probe (Chrono Boost)  
  67  5:36  Probe (Chrono Boost)  
  67  5:39  Assimilator  
  68  5:42  Assimilator  
  68  5:44  Probe (Chrono Boost)  
  68  5:46  Probe (Chrono Boost), Adept x2  
  74  5:54  Probe (Chrono Boost)  
  76  5:57  Probe (Chrono Boost)  
  76  6:05  Probe (Chrono Boost)  
  76  6:07  Probe (Chrono Boost)  
  76  6:08  Nexus  
  76  6:10  Twilight Council  
  77  6:17  Void Ray (Chrono Boost)  
  75  6:19  Probe  
  73  6:27  Probe, Zealot, Pylon  
  73  6:31  Probe  
  75  6:38  Probe  
  76  6:43  Probe  
  77  6:48  Probe  
  78  6:55  Probe  
  78  6:57  Nexus  
  78  6:59  Pylon  
  78  7:00  Probe  
  80  7:01  Pylon  
  80  7:04  Blink (Chrono Boost)  
  80  7:07  Probe  
  81  7:12  Probe  
  82  7:19  Probe  
  83  7:23  Sentry x2  
  83  7:24  Probe  
  83  7:28  Adept, Zealot  
  88  7:31  Probe  
  88  7:36  Probe  
  90  7:43  Probe, Gateway  
  90  7:44  Gateway  
  91  7:48  Probe  
  90  7:55  Probe  
  91  7:58  Stalker x4  
  91  8:00  Probe  
  100  8:08  Probe  
  100  8:12  Probe  
  96  8:20  Probe  
  96  8:23  Probe  
  96  8:26  Stalker x3  
  104  8:27  Robotics Facility  
  101  8:34  Zealot  
  99  8:58  Pylon  
  99  9:01  Pylon  
  95  9:07  Probe  
  95  9:08  Probe  
  85  9:18  Stalker x4  
  85  9:20  Probe  
  85  9:21  Probe  
  95  9:31  Gateway  
  95  9:32  Gateway, Probe  
  95  9:35  Gateway, Nexus  
  95  9:37  Pylon  
  100  9:55  Pylon  
  100  9:58  Pylon  
Show
View Real Time Build Order
Export as new Build Order

FireCake Zerg - Winner!

Build Orders: Pool First 

Get SALT Encoding   

  12  0:00  Drone  
  13  0:08  Drone  
  14  0:17  Overlord  
  14  0:21  Extractor  
  14  0:23  Drone  
  15  0:35  Drone x2  
  17  0:44  Spawning Pool  
  17  0:47  Drone  
  17  0:50  Extractor  
  17  0:55  Drone  
  17  1:05  Drone  
  18  1:19  Hatchery  
  17  1:31  Queen  
  17  1:32  Zergling x2  
  20  1:40  Overlord  
  20  1:46  Zergling x2  
  21  1:51  Metabolic Boost  
  21  1:58  Zergling x2  
  21  2:00  Zergling x2  
  23  2:07  Queen  
  25  2:14  Drone  
  26  2:24  Drone  
  27  2:34  Drone x2  
  29  2:45  Hatchery  
  29  2:46  Drone x2  
  30  2:53  Overlord  
  30  2:57  Drone  
  30  2:58  Drone  
  32  3:01  Drone  
  32  3:05  Drone  
  34  3:06  Drone  
  35  3:14  Drone  
  35  3:17  Drone x3  
  35  3:18  Drone  
  40  3:21  Drone  
  40  3:23  Drone  
  42  3:38  Overlord  
  42  3:39  Queen  
  44  3:43  Roach Warren  
  43  3:49  Drone  
  43  3:52  Extractor  
  43  3:53  Overlord x3  
  43  3:56  Evolution Chamber  
  43  4:01  Zergling x6  
  43  4:02  Zergling x2  
  46  4:08  Zergling x6  
  49  4:13  Zergling x4  
  51  4:26  Drone  
  51  4:27  Drone x6  
  58  4:32  Zerg Missile Weapons Level 1  
  58  4:41  Spore Crawler  
  56  4:45  Drone  
  56  4:46  Drone x5  
  60  5:01  Roach x5  
  60  5:02  Roach  
  69  5:09  Spore Crawler  
  69  5:13  Drone  
  69  5:14  Drone x5  
  68  5:23  Lair  
  68  5:24  Drone  
  68  5:25  Drone  
  70  5:32  Drone x5  
  75  5:38  Drone x4  
  75  5:42  Extractor  
  77  5:48  Extractor  
  77  5:49  Overlord  
  75  5:53  Overlord x3  
  75  5:54  Drone  
  75  5:55  Drone  
  77  6:03  Roach  
  77  6:04  Roach  
  81  6:17  Roach x8  
  97  6:24  Glial Reconstitution  
  95  6:32  Zerg Missile Weapons Level 2  
  94  6:33  Burrow  
  94  6:39  Roach x6  
  106  6:43  Drone x5  
  111  6:55  Roach  
  111  6:57  Overlord  
  111  6:58  Overlord  
  112  7:06  Roach  
  112  7:13  Overlord x3  
  108  7:18  Roach  
  108  7:19  Roach x8  
  120  7:25  Hydralisk Den  
  117  7:32  Drone x5  
  113  7:52  Extractor  
  113  7:53  Extractor  
  113  7:54  Roach x5  
  113  7:55  Roach x4  
  129  8:00  Hatchery  
  129  8:03  Muscular Augments  
  128  8:10  Roach x9  
  122  8:21  Hydralisk x7  
  122  8:25  Roach x4  
  132  8:36  Hydralisk x2  
  132  8:37  Hydralisk x2  
  140  8:47  Hydralisk x3  
  134  8:55  Hydralisk x2  
  134  8:56  Hydralisk  
  134  8:58  Overlord x2  
  136  9:06  Hydralisk x3  
  138  9:10  Hydralisk x2  
  138  9:11  Zergling x8  
  146  9:18  Overlord x2  
  146  9:26  Zergling x2  
  146  9:27  Zergling x12  
  146  9:30  Overseer  
  153  9:31  Overseer  

Tags
 
Add a new tag
Caveats
  • Supply blocks, unpowered buildings, or Contaminate may cause inaccurate times.
  • Supply counts are checked every 10 seconds.